 Dungeon Crawl Stone Soup version 0.20.1-1-g8b1a95d (webtiles) character file.

46 FollowTheCloud the Sneak (level 3, -8/16 HPs)
             Began as a Vine Stalker Enchanter on Aug 20, 2017.
             Mangled by a worm (12 damage)
             ... on level 3 of the Dungeon.
             The game lasted 00:06:30 (1901 turns).

FollowTheCloud the Sneak (Vine Stalker Enchanter)   Turns: 1901, Time: 00:06:31

Health: -8/16      AC:  2    Str: 10    XL:     3   Next: 68%
Magic:  0/7        EV: 12    Int: 16    God:
Gold:   109        SH:  0    Dex: 14    Spells: 4/7 levels left

rFire    . . .     SeeInvis .   f - +1 dagger (vamp)
rCold    . . .     Gourm    .   (no shield)
rNeg     . . .     Faith    .   b - +0 robe
rPois    .         Spirit   +   (no helmet)
rElec    .         Reflect  .   (no cloak)
rCorr    .         Harm     .   (no gloves)
MR       .....                  (no boots)
Stlth    +++.......             (no amulet)
Regen    0.1/turn               (no ring)
MPRegen  0.1/turn               (no ring)

@: no status effects
A: fangs 2, magic shield, antimagic bite, no potion heal 3, rot immunity
a: no special abilities


You were on level 3 of the Dungeon.
You were near starving.

You visited 1 branch of the dungeon, and saw 3 of its levels.

You collected 109 gold pieces.

Inventory:

Hand Weapons
 f - a +1 vampiric dagger (weapon)
Armour
 b - a +0 robe (worn)
Jewellery
 a - a cursed ring of teleportation {unknown}
 n - an uncursed ring of magical power {unknown}
 r - an uncursed ring of protection from fire {unknown}
Scrolls
 g - a scroll of blinking {unknown}
 h - a scroll of remove curse {unknown}
 i - a scroll of amnesia {unknown}
 j - 2 scrolls of magic mapping {unknown}
 p - a scroll of identify {unknown}
 q - a scroll of teleportation {unknown}
Potions
 e - a potion of brilliance {unknown}
 k - a potion of haste {unknown}
 l - 3 potions of cancellation {unknown}
 m - a potion of degeneration {unknown}
Books
 c - a book of Maledictions

   Spells                             Type                      Level
   a - Corona                         Hexes                        1
   b - Ensorcelled Hibernation        Hexes/Ice                    2
   c - Confuse                        Hexes                        3
   d - Tukima's Dance                 Hexes                        3
   e - Dazzling Spray                 Conjuration/Hexes            3
Comestibles
 d - a bread ration
 o - 2 meat rations


   Skills:
 + Level 1.2 Short Blades
 + Level 2.2 Dodging
 + Level 4.0 Stealth
 + Level 2.5 Spellcasting
 + Level 3.4 Hexes


You had 4 spell levels left.
You knew the following spells:

 Your Spells              Type           Power        Failure   Level  Hunger
a - Corona                Hex            ##.....      4%          1    #......
z - Ensorcelled Hibernat  Hex/Ice        #.....       14%         2    ##.....


Dungeon Overview and Level Annotations

Branches:
Dungeon (3/15)

Altars:


Innate Abilities, Weirdness & Mutations

You have extremely sharp teeth.
When hurt, damage is shared between your health and your magic reserves.
Your bite disrupts and absorbs the magic of your enemies.
Potions cannot restore your health.
You are immune to rotting.


Message History

The worm bites you.
* * * LOW HITPOINT WARNING * * *
There is a stone staircase leading down here.
There is a stone staircase leading down here.
The worm barely misses you.
You climb downwards.
Found a small agate ring.
There is a stone staircase leading up here.
You see here a small agate ring.
Casting: Ensorcelled Hibernation
Confirm with . or Enter, or press ? or * to list all spells.
Aiming: Ensorcelled Hibernation
Press: ? - help, Shift-Dir - straight line, f - worm
Aim: a worm (heavily wounded, chance to defeat MR: 48%)
The worm resists with some effort.
You are near starving!
The worm closely misses you. The worm bites you!
Ouch! That really hurt!
You die...

+# .# .####
#########.....
#.........#####
#...=.<.......#
#.......@.###.
#......w..#
#.........#
###########


You could see a worm.

Vanquished Creatures
  An adder (D:2)
  6 bats
  3 giant cockroaches (D:1)
  6 goblins
  7 hobgoblins
  8 kobolds
  2 frilled lizards (D:2)
33 creatures vanquished.

Notes
Turn   | Place    | Note
-------+----------+-------------------------------------------
     0 | D:1      | FollowTheCloud the Vine Stalker Enchanter began the quest for the Orb.
     0 | D:1      | Reached XP level 1. HP: 9/9 MP: 4/4
    13 | D:1      | Reached skill level 1 in Short Blades
   377 | D:1      | Reached XP level 2. HP: 1/13 MP: 1/6
   708 | D:1      | Learned a level 2 spell: Ensorcelled Hibernation
  1022 | D:1      | Reached skill level 4 in Stealth
  1397 | D:2      | Reached XP level 3. HP: 16/16 MP: 7/7
  1901 | D:3      | Mangled by a worm

Skill      XL: |  1  2 |
---------------+-------+-----
Short Blades   | 1 |  1.2
Stealth        | 4 |  4.0
Dodging        | 2 |  2.2
Spellcasting   | |  2.5
Hexes          | |  3.4

Action                   || total
-------------------------++-------
Melee: Dagger            ||   116
       Bite              ||    23
 Cast: Corona            ||     2
       Ensorcelled Hiber ||    18
 Stab: Sleeping          ||    12
  Eat: Bread ration      ||     1
       Royal jelly       ||     1
       Chunk             ||     1
Armor: Robe              ||    36
Dodge: Dodged            ||   103
